 Dungeon Crawl Stone Soup version 0.30-a0-1066-g63dfefce0d (webtiles) character file.

Game seed: 4062787247803924708

15313 vineage the Fighter (level 12, -2/85 HPs)
             Began as a Gargoyle Fighter on Apr 12, 2023.
             Was an Elder of Okawaru.
             Slain by a swamp worm (8 damage)
             ... on level 1 of the Lair of Beasts.
             The game lasted 00:15:38 (12967 turns).

vineage the Fighter (Gargoyle Fighter)             Turns: 12967, Time: 00:15:38

Health: -2/85      AC: 29    Str: 25    XL:     12   Next: 25%
Magic:  15/15      EV:  8    Int:  9    God:    Okawaru [****..]
Gold:   995        SH:  7    Dex: 18    Spells: 11/11 levels left

rFire   + . .      SeeInvis +    d - +3 whip (elec)
rCold   + + .      Faith    .    c - +0 buckler
rNeg    + + .      Spirit   .    l - +6 chain mail of Defence {Dex+3 SInv}
rPois   ∞          Reflect  .    (no helmet)
rElec   +          Rampage  .    H - +1 cloak
rCorr   +                        (no gloves)
Will    +....                    s - +0 pair of boots Stlth
                                 (no amulet)
HPRegen 0.34/turn                v - ring of Greater Demons {rC+ rN+ Dex+6}
MPRegen 0.14/turn                F - ring of willpower

@: about to teleport, resistant, flying
A: sickness immunity, AC +8, negative energy resistance 1, electricity
resistance, torment resistance 1, petrification resistance
a: Renounce Religion, Heroism, Finesse


You were on level 1 of the Lair of Beasts.
You worshipped Okawaru.
Okawaru was greatly pleased with you.
You visited 3 branches of the dungeon, and saw 14 of its levels.

You collected 995 gold pieces.

Inventory:

Hand Weapons
 a - a +0 flail
 d - a +3 whip of electrocution (weapon)
 g - a +0 whip of freezing
Missiles
 x - a throwing net (quivered)
Armour
 c - a +0 buckler (worn)
 l - the +6 chain mail of Defence (worn) {Dex+3 SInv}
   (You found it on level 2 of the Dungeon)

   Dex:       It affects your dexterity (+3).
   SInv:      It lets you see invisible.
 s - a +0 pair of boots (worn)
 H - a +1 cloak (worn)
Jewellery
 q - an amulet of guardian spirit
 v - the ring of Greater Demons (left hand) {rC+ rN+ Dex+6}
   (You acquired it on level 6 of the Dungeon)

   [ring of dexterity]

   Dex:       It affects your dexterity (+6).
   rC:        It protects you from cold.
   rN:        It protects you from negative energy.
 F - a ring of willpower (right hand)
 G - a ring of flight
 J - a ring of see invisible
 K - a ring of ice
Wands
 m - a wand of roots (5)
 r - a wand of light (8)
 y - a wand of charming (17)
 B - a wand of mindburst (19)
 D - a wand of digging (3)
Scrolls
 p - 3 scrolls of fog
 w - 4 scrolls of poison
 z - a scroll of identify
 C - 3 scrolls of enchant weapon
 E - a scroll of enchant armour
 I - 2 scrolls of teleportation
 L - 3 scrolls of amnesia
Potions
 e - 4 potions of curing
 f - a potion of invisibility
 h - 2 potions of cancellation
 i - 4 potions of haste
 j - 4 potions of lignification
 k - 3 potions of magic
 n - 2 potions of brilliance
 o - a potion of ambrosia
 t - 3 potions of berserk rage
 A - a potion of attraction


   Skills:
 + Level 14.0 Fighting
 * Level 10.6 Maces & Flails
 + Level 8.6 Armour
 + Level 8.7 Shields
 - Level 4.4 Invocations


You had 11 spell levels left.
You didn't know any spells.
Your spell library contained the following spells:

 Spells                   Type           Power      Damage    Failure   Level
 Apportation              Tloc           0%         N/A       91%         1
 Necrotise                Necr           0%         1d4       91%         1
 Wereblood                Tmut           0%         N/A       97%         2
 Summon Small Mammal      Summ           Unusable   N/A       N/A         1
 Sublimation of Blood     Necr           Unusable   N/A       N/A         2
 Summon Hydra             Summ           Unusable   N/A       N/A         7

Dungeon Overview and Level Annotations

Branches:
Dungeon (12/15)            Temple (1/1) D:7            Lair (1/5) D:10
    Orc: D:9-12

Altars:
Ashenzari
Cheibriados
Dithmenos
Elyvilon
Fedhas
Gozag
Hepliaklqana
Kikubaaqudgha
Makhleb
Nemelex Xobeh
Okawaru
Qazlal
Ru
Sif Muna
Trog
Uskayaw
Vehumet
Wu Jian
Xom
Yredelemnul
Zin
The Shining One

Shops:
D:5 (   D:10 [

Portals:
Trove: D:11 (give 4 scrolls of fear)

Annotations:
D:12 Jorgrun
Lair:1 1 transporter


Innate Abilities, Weirdness & Mutations

You are immune to sickness and miasma.
Your stone body is resilient. (AC +8)
You are immune to poison.
You resist negative energy. (rN+)
You are resistant to electric shocks. (rElec)
You are resistant to unholy torment.
You are immune to petrification.


Message History

You hit the swamp worm.
Lightning courses through the swamp worm!
You kill the swamp worm!
Okawaru accepts your kill.
The swamp worm fires a harpoon shot at you.
The harpoon shot misses you.
You feel better.
The swamp worm fires a harpoon shot at you.
The harpoon shot hits you but does no damage.
You feel like a meek peon again.
The swamp worm fires a harpoon shot at you.
The harpoon shot hits you but does no damage.
The swamp worm fires a harpoon shot at you.
The harpoon shot misses you.
The swamp worm fires a harpoon shot at you.
The harpoon shot misses you.
The swamp worm fires a harpoon shot at you.
The harpoon shot hits you!
You are yanked forward by the harpoon shot.
The swamp worm fires a harpoon shot at you.
The harpoon shot hits you!!
* * * LOW HITPOINT WARNING * * *
You are yanked forward by the harpoon shot.
You collide with the briar patch!
The briar patch is severely damaged.
You feel better.
The swamp worm bites you but does no damage. x2
You hit the swamp worm.
The swamp worm is lightly wounded.
The swamp worm fires a harpoon shot at you.
The harpoon shot hits you!
* * * LOW HITPOINT WARNING * * *
You are yanked forward by the harpoon shot.
You collide with the briar patch!
The briar patch is destroyed!
* * * LOW HITPOINT WARNING * * *
The swamp worm completely misses you.
As you read the scroll of teleportation, it crumbles to dust.
You feel strangely unstable. The swamp worm bites you!
You die...

######..#.......#######.....÷.###
.............##.### ####.####.#
..##P.............### ###P....
.#####.##...###.....## ##..## .##
#.##...###.##.#.##### #.### ..#
##.##..............#.####.# # .##
#..##....#########......#.# # .#
##.......##w#♣#w##......#.# # .#
#..##...##≈≈@§#≈≈####.....# # .##
##..###.#P.P..°PP#?[#...#.### ..#
#.####©#©^^^^^^○+?©#©###..## .##
#.# #..#PP§P§PPP#?=#.###.### ##
#.####.##≈§≈#≈≈≈####.##..##.
##.P#.#..#♣#.#♣#w#....##...##
#........#########.#####..###
##...##............# ##.###
#..###.....###..P.# #.##.


You could see 3 swamp worms.

Vanquished Creatures
  Fannar (D:9)
  A two-headed ogre (D:11)
  Pikel (D:3)
  An unseen horror (D:10)
  4 cane toads (Lair:1)
  A yaktaur (D:9)
  2 guardian mummies (D:11)
  4 trolls
  Prince Ribbit (Lair:1)
  Grinder (D:4)
  6 blink frogs (Lair:1)
  A shadow (D:10)
  3 vampires (D:10)
  2 wyverns
  2 wraiths
  17 yaks
  A steam dragon (D:10)
  A swamp worm (Lair:1)
  3 wargs (D:10)
  Edmund (D:4)
  5 water moccasins
  2 orc warriors (D:10)
  2 black bears
  An ice beast (D:7)
  A sky beast (D:6)
  An ogre (D:7)
  A phantom (D:6)
  3 centaurs
  3 lemures (D:3)
  2 kobold brigands
  4 bullfrogs
  2 gnoll sergeants
  11 scorpions
  13 wights
  9 killer bees
  A howler monkey (D:9)
  6 orc priests
  2 hounds
  4 jellies
  2 sleepcaps (D:6)
  4 gnoll boudas
  Ijyb (D:4)
  5 orc wizards
  3 iguanas
  Robin (D:4)
  25 gnolls
  2 adders
  2 white imps
  An ufetubus (D:7)
  A dart slug (D:5)
  28 orcs
  4 endoplasms
  2 giant cockroaches
  15 goblins
  10 hobgoblins
  A jackal (D:1)
  9 kobolds
  4 quokkas
  8 ball pythons
  4 bats
  5 frilled lizards
  5 rats
  A butterfly (D:7)
270 creatures vanquished.

Vanquished Creatures (others)
  An ugly thing (D:9)
  An orc (D:12)
  4 briar patches (Lair:1)
  2 fungi (Lair:1)
  9 plants
17 creatures vanquished.

Grand Total: 287 creatures vanquished

Notes
Turn   | Place    | Note
-------+----------+-------------------------------------------
     0 | D:1      | vineage the Gargoyle Fighter began the quest for the Orb.
     0 | D:1      | Reached XP level 1. HP: 14/14 MP: 1/1
   267 | D:1      | Reached XP level 2. HP: 20/20 MP: 2/2
   313 | D:1      | Reached skill level 4 in Fighting
   556 | D:1      | Reached XP level 3. HP: 24/24 MP: 3/3
   899 | D:2      | Identified the +6 chain mail of Defence {Dex+3 SInv}
   957 | D:2      | Noticed a scorpion
   979 | D:2      | Killed a scorpion
   980 | D:2      | Reached skill level 5 in Fighting
   980 | D:2      | Reached XP level 4. HP: 11/32 MP: 4/4
  1496 | D:3      | Found an ancient bone altar of Kikubaaqudgha.
  1664 | D:3      | Reached skill level 6 in Fighting
  1815 | D:3      | Reached XP level 5. HP: 36/36 MP: 5/5
  1850 | D:3      | Found a glowing silver altar of Zin.
  1962 | D:3      | Found a faded altar of an unknown god.
  2033 | D:3      | Found a hide-covered altar of Uskayaw.
  2035 | D:3      | Noticed a +0 hand axe
  2036 | D:3      | Noticed a +0 dagger
  2281 | D:4      | Noticed Robin
  2283 | D:4      | Noticed Pikel
  2289 | D:4      | Noticed a lemure
  2355 | D:4      | Noticed a lemure
  2355 | D:4      | Noticed a lemure
  2355 | D:4      | Noticed a lemure
  2542 | D:4      | Noticed Edmund
  2556 | D:4      | Noticed Grinder
  2926 | D:3      | Killed a lemure
  2984 | D:3      | Reached skill level 7 in Fighting
  2984 | D:3      | Reached XP level 6. HP: 20/44 MP: 6/6
  3157 | D:3      | Killed Pikel
  3158 | D:3      | Reached skill level 9 in Fighting
  3158 | D:3      | Reached XP level 7. HP: 33/51 MP: 7/7
  3333 | D:4      | Killed Robin
  3373 | D:4      | Paralysed by Grinder for 4 turns
  3380 | D:4      | Killed Grinder
  3381 | D:4      | Reached skill level 10 in Fighting
  3689 | D:4      | Killed Edmund
  3690 | D:4      | Reached XP level 8. HP: 15/58 MP: 8/8
  3858 | D:5      | Entered Level 5 of the Dungeon
  4040 | D:4      | Reached skill level 11 in Fighting
  4068 | D:5      | Noticed Ijyb
  4106 | D:4      | Killed Ijyb
  4223 | D:5      | Found Gatiah's Weapon Shop.
  4841 | D:6      | Reached XP level 9. HP: 44/65 MP: 9/9
  4940 | D:6      | Reached skill level 12 in Fighting
  5098 | D:6      | Found a white marble altar of Elyvilon.
  5421 | D:6      | Identified a scroll of acquirement
  5421 | D:6      | Acquired the ring of Greater Demons {rC+ rN+ Dex+6}
  5554 | D:7      | Reached skill level 5 in Maces & Flails
  5597 | D:7      | Reached skill level 5 in Shields
  5655 | D:7      | Reached skill level 5 in Armour
  5773 | D:7      | Found a staircase to the Ecumenical Temple.
  5800 | Temple   | Entered the Ecumenical Temple
  6262 | D:7      | Found a shimmering blue altar of Sif Muna.
  6329 | D:8      | Reached XP level 10. HP: 39/72 MP: 10/10
  7415 | D:8      | Found a shadowy altar of Dithmenos.
  7417 | D:8      | Found a bloodstained altar of Trog.
  7584 | D:9      | Found an iron altar of Okawaru.
  7682 | D:9      | Became a worshipper of Warmaster Okawaru
  7924 | D:9      | Found a broken altar of Ashenzari.
  8174 | D:9      | Found an opulent altar of Gozag.
  8394 | D:10     | Entered Level 10 of the Dungeon
  8405 | D:10     | Reached skill level 1 in Invocations
  8424 | D:10     | Noticed Fannar
  8731 | D:9      | Killed Fannar
  8731 | D:9      | Reached * piety under Okawaru
  8960 | D:10     | Noticed an unseen horror
  8978 | D:10     | Killed an unseen horror
  8979 | D:10     | Reached skill level 13 in Fighting
  9004 | D:10     | Noticed a green ugly thing
  9302 | D:9      | Killed a green ugly thing
  9582 | D:10     | Reached XP level 11. HP: 78/78 MP: 13/13
  9703 | D:10     | Found Wuycuhiz's Antique Armour Emporium.
  9763 | D:10     | Reached ** piety under Okawaru
  9813 | D:10     | Found a staircase to the Lair.
 10707 | D:11     | Reached *** piety under Okawaru
 11082 | D:11     | Found a portal to a secret trove of treasure.
 11362 | D:11     | Noticed a two-headed ogre
 11375 | D:11     | Killed a two-headed ogre
 11425 | D:12     | Noticed Jorgrun
 11837 | Lair:1   | Entered Level 1 of the Lair of Beasts
 11907 | Lair:1   | Reached **** piety under Okawaru
 11936 | Lair:1   | Noticed Prince Ribbit
 11967 | Lair:1   | Reached skill level 10 in Maces & Flails
 11970 | Lair:1   | Reached XP level 12. HP: 48/84 MP: 15/15
 12025 | Lair:1   | Killed Prince Ribbit
 12334 | Lair:1   | Reached skill level 14 in Fighting
 12531 | Lair:1   | Found a transporter.
 12732 | Lair:1   | Found a transporter.
 12967 | Lair:1   | Slain by a swamp worm

Illustrated notes

Levels and vault maps discovered:
D:1:      minmay_arrival_four_houses, layout_basic, minmay_fountain_box,
          minmay_ruptured
D:2:      layout_basic, hex_tiny, glass_columns_a, minmay_misc_feat_nine_boxes,
          kennysheep_cross_bottleneck
D:3:      layout_loops_ring, mainiacjoe_overflow_tiny_flanked,
          dancing_weapons_uskayaw, mainiacjoe_overflow_alcove_1,
          chequers_ecumenical_altar_grove
D:4:      layout_rooms, uniq_robin, uniq_edmund, uniq_pikel, uniq_grinder
D:5:      layout_loops_cross, serial_shops, kennysheep_mini, uniq_ijyb
D:6:      layout_rooms, overflow_temple_1_default
D:7:      layout_rooms, lemuel_blue_sif_altar, minmay_temple_entry_butterflies,
          nicolae_fountain_basement
D:8:      mumra_celtic_spiral_tile, layout_basic,
          chequers_temple_overflow_statue_of_worship
D:9:      layout_basic, ashenzari_conservatory_becter,
          mainiacjoe_overflow_six_doors_small, okawaru_trees_1
D:10:     layout_roguey, erik_lair_orcish_takeover, serial_shops, shop,
          minmay_bent, uniq_fannar
D:11:     layout_basic, nicolae_trove_entry_path_of_doom
D:12:     layout_grid_maze, david_orc_3, portal_ice_cave_entry_pillars_2,
          hangedman_incinerator, uniq_urug, uniq_jorgrun
Temple:   chequers_temple_sunken
Lair:1:   gammafunk_worm_tunnel, layout_loops_ring, uniq_prince_ribbit2

Skill      XL: |  1  2  3  4  5  6  7  8  9 10 11 12 |
---------------+-------------------------------------+-----
Fighting       | 4 5 6 7 9 10 11 12 13 14 | 14.0
Maces & Flails | 3 6 8 10 | 10.6
Armour         | 5 6 8 |  8.6
Shields        | 5 6 8 |  8.7
Invocations    | 3 4 |  4.4

Action                     |  1- 3 |  4- 6 |  7- 9 | 10-12 || total
---------------------------+-------+-------+-------+-------++-------
  Melee: Flail             |    31 |       |       |       ||    31
         Whip              |    69 |   191 |   354 |   715 ||  1329
 Invoke: Heroism           |       |       |       |     6 ||     6
    Use: Scroll            |     4 |       |    11 |    12 ||    27
         Potion            |       |     1 |       |    10 ||    11
   Stab: Invisible         |       |       |       |     3 ||     3
 Armour: Scale mail        |    59 |       |       |       ||    59
         Chain mail        |       |   170 |   246 |   384 ||   800
  Dodge: Dodged            |    38 |    66 |   155 |   183 ||   442
  Block: Buckler           |    13 |    45 |    89 |   179 ||   326

Table legend: (Time is in decaauts)
 A = Elapsed time spent in this place.
 B = Non-inter-level travel time spent in this place.
 C = Inter-level travel time spent in this place.
 D = Time resting spent in this place.
 E = Time spent auto-exploring this place.
 F = Levels seen in this place.
 G = Mean time per level.
                   A        B        C        D        E       F      G
               +--------+--------+--------+--------+--------+-----+--------+
         Total |  12838 |  12283 |    555 |   2882 |   7246 |  14 |  917.0 |
       Dungeon |  11554 |  11055 |    499 |   2752 |   6358 |  12 |  962.8 |
        Temple |    230 |    204 |     26 |      0 |    197 |   1 |  230.0 |
          Lair |   1053 |   1024 |     29 |    130 |    691 |   1 | 1053.0 |
               +--------+--------+--------+--------+--------+-----+--------+

Top non-repeatable levels by time:
     D:9: 1876 daAuts
     D:3: 1796 daAuts
    D:11: 1275 daAuts
     D:8: 1146 daAuts
    D:10: 1102 daAuts
  Lair:1: 1053 daAuts
     D:4: 779 daAuts
     D:5: 773 daAuts
     D:2: 763 daAuts
     D:1: 728 daAuts
     D:6: 671 daAuts
     D:7: 627 daAuts
  Temple: 230 daAuts
    D:12: 14 daAuts
